 Dungeon Crawl Stone Soup version 0.20.0-10-g0535bb4 (webtiles) character file.

92 McKennaii the Skirmisher (level 4, -2/35 HPs)
             Began as a Demonspawn Abyssal Knight on June 4, 2017.
             Was a Follower of Lugonu.
             Slain by Sigmund
             ... wielding a +1 scythe of venom
              (5 damage)
             ... on level 2 of the Dungeon.
             The game lasted 00:03:21 (1468 turns).

McKennaii the Skirmisher (DsAK)                     Turns: 1468, Time: 00:03:21

Health: -2/35      AC: 12    Str: 12    XL:     4   Next: 35%
Magic:  5/5        EV:  9    Int: 13    God:    Lugonu [*.....]
Gold:   133        SH:  4    Dex: 14    Spells: 3/3 levels left

rFire    . . .     SeeInvis .   a - +1 falchion
rCold    . . .     Gourm    .   (no shield)
rNeg     . . .     Faith    .   k - +0 scale mail
rPois    .         Spirit   .   (helmet restricted)
rElec    .         Reflect  +   (no cloak)
rCorr    .         Harm     .   (no gloves)
MR       .....                  (no boots)
Stlth    ..........             e - +4 amulet of reflection
Regen    0.2/turn               (no ring)
MPRegen  0.1/turn               (no ring)

@: lethally poisoned (-2 -> -37), sanguine armour, invisible
A: antennae 1, sanguine armour 1
a: Depart the Abyss, Renounce Religion


You were on level 2 of the Dungeon.
You worshipped Lugonu.
Lugonu was aware of your devotion.
You were not hungry.

You visited 1 branch of the dungeon, and saw 2 of its levels.
You visited the Abyss 1 time.

You collected 133 gold pieces.

Inventory:

Hand Weapons
 a - a +1 falchion (weapon)
Armour
 k - a +0 scale mail (worn)
Jewellery
 b - a +5 ring of strength {unknown}
 e - a +4 amulet of reflection (around neck)
Scrolls
 h - a scroll of teleportation
Comestibles
 c - 5 bread rations
 f - 4 fruits
 i - a royal jelly


   Skills:
 + Level 3.4 Fighting
 + Level 2.9 Long Blades
 + Level 2.5 Armour
 + Level 1.5 Dodging
 + Level 0.4 Stealth
 + Level 2.6 Invocations


You had 3 spell levels left.
You didn't know any spells.

Dungeon Overview and Level Annotations

Branches:
Dungeon (2/15)

Altars:
Zin

Annotations:
D:2 Sigmund


Innate Abilities, Weirdness & Mutations

You have a pair of small antennae on your head.
When seriously injured, your bleeding wounds create armour. (AC +6)


Message History

You are more poisoned.
You hit something.
You feel very sick.
You hit something but do no damage.
You feel very sick. Something hits you.
* * * LOW HITPOINT WARNING * * *
You hit something.
* * * LOW HITPOINT WARNING * * *
You feel very sick.
It was a potion of cancellation.
You feel magically purged.
* * * LOW HITPOINT WARNING * * *
You feel sick. Something hits you but does no damage.
You are more poisoned.
It was a potion of invisibility.
You fade into invisibility!
* * * LOW HITPOINT WARNING * * *
You feel very sick. Something hits you.
You die...

#..........#
###..........#
............#
#.#..........#
###.#..........#
...............#
........†{†....#
.........@.....#
.........?.....#
#............#
#............#
########.........#####
#.......................
#.................######
..........>.......#
#.................#


There were no monsters in sight!

Vanquished Creatures
  4 gnolls
  A white imp (Abyss:1)
  2 worms (D:2)
  A dart slug (D:1)
  2 leopard geckos (D:1)
  A giant cockroach (D:1)
  6 goblins
  4 hobgoblins
  2 jackals (D:2)
  3 kobolds (D:2)
  2 ball pythons
  3 bats
  3 frilled lizards
  6 rats
40 creatures vanquished.

Notes
Turn   | Place    | Note
-------+----------+-------------------------------------------
     0 | Abyss:1  | McKennaii the Demonspawn Abyssal Knight began the quest for the Orb.
     0 | Abyss:1  | Reached XP level 1. HP: 18/18 MP: 2/2
     0 | Abyss:1  | Found a corrupted altar of Lugonu.
    55 | Abyss:1  | Noticed a starcursed mass
    63 | D:1      | Escaped the Abyss
   193 | D:1      | Reached skill level 1 in Dodging
   205 | D:1      | Gained mutation: When seriously injured, your bleeding wounds create armour. (AC +6) [demonic ancestry]
   205 | D:1      | Reached XP level 2. HP: 24/24 MP: 3/3
   276 | D:1      | Reached * piety under Lugonu
   792 | D:1      | Reached XP level 3. HP: 17/29 MP: 4/4
   988 | D:2      | Found a glowing silver altar of Zin.
  1078 | D:2      | Gained mutation: You have a pair of small antennae on your head. [demonic ancestry]
  1078 | D:2      | Reached XP level 4. HP: 10/35 MP: 5/5
  1456 | D:2      | Noticed Sigmund
  1468 | D:2      | Slain by Sigmund

Skill      XL: |  1  2 |
---------------+-------+-----
Armour         | 2 |  2.5
Dodging        | 1 |  1.5
Long Blades    | 2 |  2.9
Fighting       | |  3.4
Stealth        | |  0.4
Invocations    | |  2.6

Action                   |  1- 3 |  4- 6 || total
-------------------------+-------+-------++-------
Melee: Falchion          |    97 |    46 ||   143
Invok: Depart the Abyss  |     1 |       ||     1
  Use: Scroll            |     3 |       ||     3
       Potion            |     2 |     2 ||     4
  Eat: Chunk             |       |     2 ||     2
Armor: Leather armour    |     1 |       ||     1
       Scale mail        |    39 |    22 ||    61
       Ring mail         |     4 |       ||     4
Dodge: Dodged            |    64 |    18 ||    82
Block: Other             |    19 |    13 ||    32
       Rpst.: Falchion   |    17 |     4 ||    21
